 Dungeon Crawl Stone Soup version 0.21.1-1-g345015fe64 (webtiles) character file.

1182 Loge the Conjurer (level 8, -1/41 HPs)
             Began as a Deep Elf Fire Elementalist on July 18, 2018.
             Was an Initiate of Vehumet.
             Hit by a silver javelin thrown by something (9 damage)
             ... on level 5 of the Dungeon.
             The game lasted 00:15:38 (5381 turns).

Loge the Conjurer (Deep Elf Fire Elementalist)      Turns: 5381, Time: 00:15:39

Health: -1/41      AC:  2    Str:  5    XL:     8   Next: 19%
Magic:  7/20       EV: 13    Int: 23    God:    Vehumet [......]
Gold:   163        SH:  0    Dex: 15    Spells: 11/21 levels left

rFire    . . .     SeeInvis .   n - +0 dagger
rCold    . . .     Gourm    .   (no shield)
rNeg     . . .     Faith    .   a - +0 robe
rPois    .         Spirit   .   (no helmet)
rElec    .         Reflect  .   (no cloak)
rCorr    .         Harm     .   (no gloves)
MR       .....                  (no boots)
Stlth    ++........             (no amulet)
HPRegen  0.13/turn              (no ring)
MPRegen  0.17/turn              (no ring)

@: no status effects
A: no striking features
a: Renounce Religion


You were on level 5 of the Dungeon.
You worshipped Vehumet.
Vehumet was noncommittal.
You were not hungry.

You visited 2 branches of the dungeon, and saw 6 of its levels.

You collected 163 gold pieces.

Inventory:

Hand Weapons
 n - a +0 dagger (weapon)
Missiles
 p - 15 poisoned needles
Armour
 a - a +0 robe (worn)
Jewellery
 e - an uncursed ring of positive energy {unknown}
 l - an uncursed amulet of the gourmand {unknown}
Wands
 x - a wand of random effects (35)
Scrolls
 d - 3 scrolls of fear {unknown}
 g - 3 scrolls of remove curse {unknown}
 i - 6 scrolls of identify {unknown}
 m - 2 scrolls of fog {unknown}
 q - a scroll of magic mapping {unknown}
 r - a scroll of enchant weapon {unknown}
 w - a scroll of amnesia {unknown}
Potions
 f - a potion of flight {unknown}
 h - a potion of berserk rage {unknown}
 j - a potion of degeneration {unknown}
 k - 2 potions of lignification {unknown}
 o - a potion of brilliance {unknown}
 s - a potion of invisibility
 t - a potion of agility {unknown}
 v - a potion of resistance {unknown}
 z - a potion of magic {unknown}
 A - a potion of haste {unknown}
Books
 b - a book of Flames

   Spells                             Type                      Level
   a - Flame Tongue                   Conjuration/Fire             1
   b - Throw Flame                    Conjuration/Fire             2
   c - Conjure Flame                  Conjuration/Fire             3
   d - Inner Flame                    Hexes/Fire                   3
   e - Sticky Flame                   Conjuration/Fire             4
   f - Fireball                       Conjuration/Fire             5
 u - Jessica's Catalogue of Dislocation
   (You found it on level 3 of the Dungeon)

   Spells                             Type                      Level
   a - Apportation                    Translocation                1
Comestibles
 c - 6 rations


   Skills:
 - Level 2.4 Dodging
 - Level 2.4 Stealth
 + Level 7.0 Spellcasting
 * Level 7.6 Conjurations
 + Level 6.2 Fire Magic


You had 11 spell levels left.
You knew the following spells:

 Your Spells              Type           Power        Failure   Level  Hunger
a - Flame Tongue          Conj/Fire      #####        1%          1    None
b - Throw Flame           Conj/Fire      #####.       1%          2    None
c - Conjure Flame         Conj/Fire      #####...     1%          3    None
d - Sticky Flame          Conj/Fire      #####...     4%          4    ###....


Dungeon Overview and Level Annotations

Branches:
Dungeon (5/15)             Temple (1/1) D:5

Altars:
Ashenzari
Cheibriados
Dithmenos
Elyvilon
Fedhas
Gozag
Hepliaklqana
Kikubaaqudgha
Makhleb
Nemelex Xobeh
Okawaru
Qazlal
Ru
Sif Muna
Trog
Uskayaw
Vehumet
Wu Jian
Xom
Yredelemnul
Zin
The Shining One

Shops:
D:5 (


Message History

Casting: Flame Tongue
Confirm with . or Enter, or press ? or * to list all spells.
Aiming: Flame Tongue
Press: ? - help, Shift-Dir - straight line, f - centaur skeleton
Aim: a centaur skeleton (flame)
The flame tongue hits the centaur skeleton.
The centaur skeleton is lightly damaged.
The centaur skeleton is engulfed in blazing flames.
Casting: Flame Tongue
Confirm with . or Enter, or press ? or * to list all spells.
Aiming: Sticky Flame
Press: ? - help, Shift-Dir - straight line, f/p - centaur skeleton
Aim: a centaur skeleton (heavily damaged)
The sticky flame hits the centaur skeleton.
You destroy the centaur skeleton!
Vehumet accepts your kill.
Your Spellcasting skill increases to level 7!
A silver javelin appears from out of thin air!
The silver javelin hits you!
You die...

.###.........#.######.####
#########.##...# #......#
..# #.###### #.#.##.# ..#
##'# #.#.##.# ..# #...#
#......# .## .....#
###.#### .## ......#
##.#.### ..###.
.......####...<..#
..(.'.......††§(@.......#
.####........Z####......#
## ......# ##.....# #
....Z. #.....# #...#
####.## ##'# #.# #. ..# .
.#


You could see a jackal zombie.

Vanquished Creatures
  The ghost of kalosz4 the Sneak, a novice OpAs of Ashenzari (D:4)
  5 ogres
  A wyvern zombie (D:4)
  2 howler monkeys (D:4)
  A bullfrog zombie (D:5)
  A centaur skeleton (D:5)
  An orc wizard (D:3)
  Jessica (D:3)
  Ijyb (D:4)
  4 worker ants
  2 gnolls (D:5)
  4 adders (D:2)
  An ooze (D:3)
  An adder zombie (D:3)
  2 worms
  A dart slug (D:3)
  4 leopard geckos
  3 orcs (D:3)
  2 ball pythons
  4 giant cockroaches
  3 hobgoblins
  5 jackals
  3 quokkas
  7 bats
  8 frilled lizards
  7 goblins
  3 kobolds
  7 rats
85 creatures vanquished.

Notes
Turn   | Place    | Note
-------+----------+-------------------------------------------
     0 | D:1      | Loge the Deep Elf Fire Elementalist began the quest for the Orb.
     0 | D:1      | Reached XP level 1. HP: 10/10 MP: 6/6
   174 | D:1      | Reached XP level 2. HP: 15/15 MP: 6/8
   183 | D:1      | Learned a level 2 spell: Throw Flame
   763 | D:2      | Found a bloodstained altar of Trog.
   800 | D:2      | Reached XP level 3. HP: 19/19 MP: 1/10
   887 | D:2      | Learned a level 3 spell: Conjure Flame
  1556 | D:2      | Reached XP level 4. HP: 24/24 MP: 5/11
  1562 | D:2      | Learned a level 4 spell: Sticky Flame
  2372 | D:3      | Noticed Jessica
  2378 | D:3      | Killed Jessica
  2455 | D:3      | Identified Jessica's Catalogue of Dislocation
  2472 | D:3      | Reached XP level 5. HP: 28/28 MP: 4/13
  2878 | D:4      | Noticed an ogre
  2886 | D:4      | Killed an ogre
  2997 | D:4      | Reached skill level 5 in Spellcasting
  2997 | D:4      | Reached XP level 6. HP: 32/32 MP: 7/15
  3066 | D:4      | Reached skill level 5 in Conjurations
  3204 | D:4      | Reached skill level 5 in Fire Magic
  3361 | D:4      | Found a shadowy altar of Dithmenos.
  3383 | D:4      | Reached XP level 7. HP: 36/36 MP: 12/17
  3601 | D:4      | Noticed Ijyb
  3934 | D:4      | Noticed kalosz4's ghost (novice OpAs)
  3956 | D:4      | Killed kalosz4's ghost
  4457 | D:4      | Killed Ijyb
  4520 | D:5      | Entered Level 5 of the Dungeon
  4576 | D:5      | Reached XP level 8. HP: 41/41 MP: 12/20
  4718 | D:5      | Found Ahook's Antique Weapon Emporium.
  4747 | D:5      | Found a staircase to the Ecumenical Temple.
  4756 | Temple   | Entered the Ecumenical Temple
  4999 | Temple   | Became a worshipper of Vehumet
  5381 | D:5      | Hit by a silver javelin thrown by something

Skill      XL: |  1  2  3  4  5  6  7  8 |
---------------+-------------------------+-----
Conjurations   | 2 3 4 5 7 |  7.6
Spellcasting   | 4 5 6 7 |  7.0
Fire Magic     | 4 5 6 |  6.2
Dodging        | |  2.4
Stealth        | |  2.4

Action                   |  1- 3 |  4- 6 |  7- 9 || total
-------------------------+-------+-------+-------++-------
Melee: Dagger            |       |     4 |    26 ||    30
 Cast: Flame Tongue      |    47 |    58 |    53 ||   158
       Throw Flame       |    15 |    24 |     3 ||    42
       Conjure Flame     |     2 |     9 |     7 ||    18
       Sticky Flame      |       |     1 |     1 ||     2
  Eat: Chunk             |     2 |     6 |     2 ||    10
       Ration            |       |       |     2 ||     2
Armor: Robe              |     2 |     3 |     3 ||     8
Dodge: Dodged            |     7 |    14 |    26 ||    47
